 Dungeon Crawl Stone Soup version 0.23.2-1-ga50397a6bc (webtiles) character file.

Game seed: 6379746343142519305

198 Ishchenko the Insei (level 6, -1/47 HPs)
             Began as a Human Monk on Apr 14, 2019.
             Killed by nerve-wracking pain
             ... invoked by Grinder
              (14 damage)
             ... on level 4 of the Dungeon.
             The game lasted 00:09:08 (2385 turns).

Ishchenko the Insei (Human Monk)                    Turns: 2385, Time: 00:09:09

Health: -1/47      AC:  6    Str: 14    XL:     6   Next: 6%
Magic:  6/6        EV: 11    Int: 10    God:
Gold:   138        SH:  0    Dex: 15    Spells: 5/5 levels left

rFire    + . .     SeeInvis .     - Unarmed
rCold    + . .     Gourm    .   (no shield)
rNeg     . . .     Faith    .   c - +0 scale mail
rPois    +         Spirit   .   (no helmet)
rElec    +         Reflect  .   (no cloak)
rCorr    +         Harm     .   (no gloves)
MR       .....                  (no boots)
Stlth    +.........             (no amulet)
HPRegen  0.15/turn              (no ring)
MPRegen  0.10/turn              (no ring)

@: resistant, flying
A: no striking features
a: no special abilities


You were on level 4 of the Dungeon.
You were not hungry.

You visited 1 branch of the dungeon, and saw 4 of its levels.

You collected 138 gold pieces.

Inventory:

Armour
 c - a +0 scale mail (worn)
Scrolls
 a - 2 scrolls of teleportation {unknown}
 d - a scroll of immolation {unknown}
 f - 2 scrolls of noise {unknown}
 g - a scroll of fog {unknown}
 h - 4 scrolls of identify {unknown}
 i - 3 scrolls of remove curse {unknown}
 j - a scroll of fear {unknown}
Comestibles
 b - 8 rations
 k - 5 chunks of flesh


   Skills:
 + Level 3.3 Fighting
 + Level 2.2 Armour
 + Level 3.5 Dodging
 + Level 2.2 Stealth
 + Level 5.0 Unarmed Combat


You had 5 spell levels left.
You didn't know any spells.
Your spell library was empty.

Dungeon Overview and Level Annotations

Branches:
Dungeon (4/15)
 Temple: D:4-7

Altars:
Elyvilon
Okawaru

Shops:
D:4 :

Annotations:
D:4 Grinder


Message History

You hit Grinder.
Grinder is lightly wounded.
Grinder gestures at you. You resist with significant effort.
You hit Grinder.
Grinder is lightly wounded.
Grinder barely misses you.
You barely miss Grinder.
Grinder is lightly wounded.
Grinder barely misses you.
It was a potion of resistance.
You feel protected. Grinder hits you.
You writhe in agony.
* * * LOW HITPOINT WARNING * * *
It was a potion of flight.
You feel very buoyant.
You fly up into the air.
Grinder gestures at you. Pain shoots through your body!
You die...

.### #..##...........#
..รท#
##>##......####.###
.#)###..[###.##.#.##....
.#...........##..#....#
##..##...###..........#
##..###.## #.##.....#.#
##..# #.# #.#.......#..
....# #.# #?.........
..### ### #..@....###
### ##.5...## ........#
###.#.##.# #. .# .# #.
.# # #. .. #. ..


You could see Grinder.

Vanquished Creatures
  2 orc priests (D:4)
  2 orc wizards (D:3)
  An adder (D:2)
  3 worms
  A leopard gecko (D:1)
  5 orcs
  A ball python (D:1)
  10 bats
  3 giant cockroaches
  4 hobgoblins
  4 jackals (D:3)
  9 kobolds
  A quokka (D:2)
  A frilled lizard (D:2)
  8 goblins
  8 rats
63 creatures vanquished.

Notes
Turn   | Place    | Note
-------+----------+-------------------------------------------
     0 | D:1      | Ishchenko the Human Monk began the quest for the Orb.
     0 | D:1      | Reached XP level 1. HP: 18/18 MP: 1/1
   228 | D:1      | Reached XP level 2. HP: 24/24 MP: 2/2
   778 | D:2      | Reached XP level 3. HP: 27/29 MP: 3/3
  1212 | D:2      | Found a white marble altar of Elyvilon.
  1362 | D:2      | Reached skill level 1 in Armour
  1570 | D:2      | Reached XP level 4. HP: 32/35 MP: 4/4
  1673 | D:3      | Found an iron altar of Okawaru.
  1677 | D:3      | Found a faded altar of an unknown god.
  1931 | D:3      | Reached skill level 4 in Unarmed Combat
  2088 | D:3      | Reached XP level 5. HP: 26/41 MP: 5/5
  2351 | D:4      | Reached skill level 5 in Unarmed Combat
  2351 | D:4      | Reached XP level 6. HP: 35/47 MP: 6/6
  2364 | D:4      | Found Xis Null's Book Emporium.
  2376 | D:4      | Noticed Grinder
  2385 | D:4      | Killed from afar by Grinder

Skill      XL: |  1  2  3  4  5 |
---------------+----------------+-----
Armour         | 1 2 |  2.2
Unarmed Combat | 4 5 |  5.0
Fighting       | |  3.3
Dodging        | |  3.5
Stealth        | |  2.2

Action                   |  1- 3 |  4- 6 || total
-------------------------+-------+-------++-------
Melee: Unarmed           |   154 |    94 ||   248
  Use: Potion            |     1 |     2 ||     3
  Eat: Chunk             |     2 |     3 ||     5
Armor: Scale mail        |    59 |    43 ||   102
Dodge: Dodged            |    82 |    49 ||   131
